 Dungeon Crawl Stone Soup version 0.19.0-2-gae57169 (webtiles) character file.

1971 Millan the Cudgeler (level 9, 0/82 HPs)
             Began as a Gargoyle Monk on Nov 5, 2016.
             Was a Believer of the Shining One.
             Slain by an efreet
             ... wielding a +1 scimitar of flaming
              (1 damage)
             ... on level 1 of the Abyss.
             The game lasted 00:46:17 (8344 turns).

Millan the Cudgeler (Gargoyle Monk)                 Turns: 8344, Time: 00:46:18

Health: 0/82       AC: 24    Str: 16    XL:     9   Next: 20%
Magic:  9/9        EV:  2    Int: 12    God:    the Shining One [**....]
Gold:   373        SH:  0    Dex: 19    Spells: 0 memorised, 8 levels left

rFire  . . .     SeeInvis .     y - +0 flail
rCold  . . .     Gourm    .     (armour currently unavailable)
rNeg   + + +     Faith    .     (no shield)
rPois  ∞         Spirit   .     (helmet currently unavailable)
rElec  .         Reflect  .     (cloak currently unavailable)
rCorr  .         Harm     .     (gloves currently unavailable)
MR     .....     NoTele   +     (boots currently unavailable)
Stlth  +.........               (no amulet)
                                E - +2 ring of dexterity
                                w - +4 ring of dexterity

@: tree-form (expiring), glowing
A: negative energy resistance 1, (electricity resistance), (unbreathing),
petrification resistance, rot immunity, AC +5
a: Divine Shield, Renounce Religion


You were on level 1 of the Abyss.
You worshipped the Shining One.
The Shining One was pleased with you.
You were not hungry.
You were a tree.
You visited 2 branches of the dungeon, and saw 6 of its levels.
You visited the Abyss 1 time.

You collected 373 gold pieces.

Inventory:

Hand Weapons
 a - a +0 mace
 m - a +0 hunting sling
 y - a +0 flail (weapon)
 I - a +1 hand axe of chopping
Missiles
 n - 264 stones (quivered)
Armour
 b - a +0 robe
 l - a +0 pair of gloves (melded)
 p - a +1 ring mail of fire resistance
 v - a -1 ring mail
 z - a +3 scale mail of magic resistance (melded)
 F - a +0 robe
 H - a +0 plate armour
Jewellery
 w - a +4 ring of dexterity (left branch)
 E - a +2 ring of dexterity (right branch)
Wands
 s - a wand of flame (22/48)
Scrolls
 d - 3 scrolls of teleportation
 h - 6 scrolls of recharging
 o - 3 scrolls of magic mapping
 r - 2 scrolls of noise
 x - 3 scrolls of remove curse
 C - a scroll of amnesia {unknown}
Potions
 e - a potion of cure mutation
 i - 3 potions of curing
 j - a potion of brilliance {unknown}
 k - a potion of resistance {unknown}
 q - 3 potions of flight {unknown}
 u - a potion of invisibility {unknown}
 G - a potion of berserk rage {unknown}
Books
 g - a book of Frost

   Spells                             Type                      Level
   a - Freeze                         Ice                          1
   b - Throw Frost                    Conjuration/Ice              2
   c - Ozocubu's Armour               Charms/Ice                   3
   d - Throw Icicle                   Conjuration/Ice              4
   e - Summon Ice Beast               Ice/Summoning                4
 t - a book of Changes

   Spells                             Type                      Level
   a - Beastly Appendage              Transmutation                1
   b - Sticks to Snakes               Transmutation                2
   c - Spider Form                    Transmutation/Poison         3
   d - Ice Form                       Ice/Transmutation            4
   e - Blade Hands                    Transmutation                5
Comestibles
 c - 2 bread rations
 B - 2 slices of pizza
 D - 3 beef jerkies


   Skills:
 + Level 5.8 Fighting
 + Level 1.0(3.7) Axes
 + Level 6.4 Maces & Flails
   Level 0.1(0.5) Polearms
 + Level 5.4 Slings
 + Level 0.1(3.2) Throwing
 + Level 5.1 Armour
 + Level 4.4 Dodging
 + Level 2.6 Stealth


You had 8 spell levels left.
You didn't know any spells.

Dungeon Overview and Level Annotations

Branches:
Dungeon (5/15)             Temple (1/1) D:5

Altars:
Ashenzari
Cheibriados
Dithmenos
Elyvilon
Fedhas
Gozag
Hepliaklqana
Kikubaaqudgha
Makhleb
Nemelex Xobeh
Okawaru
Qazlal
Ru
Sif Muna
Uskayaw
Vehumet
Xom
Yredelemnul
Zin
The Shining One

Annotations:
D:5 donomii's ghost, novice OgAK


Innate Abilities, Weirdness & Mutations

You are resistant to torment.
((Your stone body is resilient. (AC +5)))
You are immune to poison.
You resist negative energy. (rN+)
((You are resistant to electric shocks. (rElec)))
((You can survive without breathing.))
You are immune to petrification.
You are immune to rotting.


Message History

You cannot move.
Your transformation is almost over.
A small abomination comes into view.
The small abomination moves out of view.
The efreet gestures at you.
The fireball explodes!
The fireball engulfs you!
* * * LOW HITPOINT WARNING * * *
There are monsters nearby!
You hit the efreet but do no damage. The efreet hits you but does no damage.
You hit the small abomination.
The small abomination is lightly damaged.
The small abomination hits you but does no damage.
You barely miss the small abomination.
The small abomination is lightly damaged.
The small abomination hits you.
* * * LOW HITPOINT WARNING * * *
The efreet hits you with a scimitar of flaming.
The Shining One protects you from harm! The efreet burns you.
You die...

...# .. .....
#. .. ...... ..
. . ..##.......
#
...#......[....
..> .
.............#
..#....§ . # .
§ ... . ###o
###x#### # ...
#. #♣..# # .
..#. .#.R...#
#. .
......§..... ..
....
#.......... .
.... .
.....###... . .
.# #.. #
#≈#.### ... ...
.. # ≈##. .. .
... ## .. . . .
# . .... # .


You could see an efreet and a small abomination.

Vanquished Creatures
  A worldbinder (Abyss:1)
  Grinder (D:5)
  Sigmund (D:5)
  Duvessa (D:4)
  A phantom (D:4)
  An orc warrior (D:5)
  An ogre (D:4)
  A centaur (D:5)
  Dowan (D:4)
  A crimson imp (D:5)
  A hound (D:4)
  2 jellies
  2 orc priests (D:5)
  Jessica (D:2)
  Terence (D:1)
  2 iguanas (D:4)
  5 orc wizards
  6 worker ants
  A howler monkey zombie (D:5)
  4 adders
  4 gnolls (D:5)
  A shadow imp (D:5)
  An adder skeleton (D:5)
  3 worms
  A leopard gecko (D:3)
  12 orcs
  5 giant cockroaches
  8 goblins
  5 hobgoblins
  7 jackals
  4 quokkas
  A ball python (D:2)
  8 bats
  3 frilled lizards
  7 kobolds
  A leopard gecko skeleton (D:3)
  A quokka skeleton (D:4)
  10 rats
117 creatures vanquished.

Notes
Turn   | Place    | Note
-------+----------+-------------------------------------------
     0 | D:1      | Millan the Gargoyle Monk began the quest for the Orb.
     0 | D:1      | Reached XP level 1. HP: 14/14 MP: 1/1
   202 | D:1      | Reached XP level 2. HP: 13/19 MP: 2/2
  1093 | D:2      | Reached XP level 3. HP: 16/24 MP: 3/3
  1278 | D:2      | Reached skill level 1 in Slings
  1403 | D:2      | Noticed Jessica
  1405 | D:2      | Noticed Terence
  1826 | D:2      | Killed Jessica
  1826 | D:2      | Reached XP level 4. HP: 29/29 MP: 4/4
  2191 | D:1      | Killed Terence
  2483 | D:3      | Reached XP level 5. HP: 33/33 MP: 5/5
  2578 | D:3      | Reached skill level 1 in Armour
  3479 | D:4      | Noticed an ogre
  3504 | D:4      | Killed an ogre
  3504 | D:4      | Reached skill level 4 in Maces & Flails
  3504 | D:4      | Reached XP level 6. HP: 3/39 MP: 6/6
  3816 | D:4      | Noticed Dowan
  3822 | D:4      | Noticed Duvessa
  3836 | D:4      | Killed Duvessa
  3845 | D:4      | Killed Dowan
  3845 | D:4      | Reached XP level 7. HP: 13/44 MP: 7/7
  4175 | D:4      | Reached skill level 5 in Maces & Flails
  4197 | D:4      | HP: 1/44 [iguana (8)]
  4208 | D:4      | HP: 2/44 [jackal (1)]
  4746 | D:4      | Reached skill level 5 in Fighting
  5007 | D:5      | Entered Level 5 of the Dungeon
  5417 | D:5      | Reached XP level 8. HP: 36/49 MP: 8/8
  5601 | D:5      | Noticed Sigmund
  5879 | D:5      | Killed Sigmund
  6071 | D:5      | Found a staircase to the Ecumenical Temple.
  6099 | Temple   | Entered the Ecumenical Temple
  6169 | Temple   | Became a worshipper of the Shining One
  6169 | Temple   | Reached * piety under the Shining One
  6169 | Temple   | Reached ** piety under the Shining One
  6549 | D:5      | Noticed donomii's ghost (novice OgAK)
  6759 | D:5      | Noticed Grinder
  6779 | D:5      | Killed Grinder
  6779 | D:5      | Reached skill level 5 in Slings
  7479 | D:5      | Reached skill level 6 in Maces & Flails
  8232 | D:5      | Cast into level 1 of the Abyss (donomii's ghost)
  8261 | Abyss:1  | Noticed a worldbinder
  8278 | Abyss:1  | Noticed a troll
  8298 | Abyss:1  | Noticed a troll
  8332 | Abyss:1  | Killed a worldbinder
  8332 | Abyss:1  | Reached skill level 1 in Axes
  8332 | Abyss:1  | Reached skill level 5 in Armour
  8332 | Abyss:1  | Reached XP level 9. HP: 12/55 MP: 9/9
  8338 | Abyss:1  | Noticed an efreet
  8344 | Abyss:1  | HP: 1/82 [small abomination (6)]
  8344 | Abyss:1  | The Shining One protects you from harm!
  8344 | Abyss:1  | Slain by an efreet

Skill      XL: |  1  2  3  4  5  6  7  8 |
---------------+-------------------------+-----
Slings         | 2 4 5 |  5.4
Fighting       | 4 5 |  5.8
Armour         | 1 2 3 5 |  5.1
Dodging        | 3 4 |  4.4
Maces & Flails | 4 5 6 |  6.4
Axes           | 1 |  1.0
Polearms       | |  0.1
Throwing       | |  0.1
Stealth        | |  2.6

Action                   |  1- 3 |  4- 6 |  7- 9 || total
-------------------------+-------+-------+-------++-------
Melee: Mace              |    55 |       |       ||    55
       Flail             |       |   169 |   138 ||   307
       Hand axe          |       |       |    22 ||    22
       Scythe            |       |       |    11 ||    11
 Fire: Hunting sling     |    94 |    45 |   196 ||   335
Throw: Stone             |       |     5 |     8 ||    13
  Use: Scroll            |     5 |     7 |     4 ||    16
       Potion            |       |       |     4 ||     4
 Stab: Sleeping          |     2 |       |       ||     2
  Eat: Bread ration      |     1 |       |     2 ||     3
       Chunk             |       |     3 |       ||     3
       Fruit             |       |     7 |     4 ||    11
       Beef jerky        |       |       |     1 ||     1
Armor: Ring mail         |   104 |     6 |    13 ||   123
       Scale mail        |       |   118 |   166 ||   284
       Skin              |       |       |    55 ||    55
       Plate armour      |       |       |     6 ||     6
Dodge: Dodged            |   135 |   112 |   197 ||   444
